 Dungeon Crawl Stone Soup version 0.22-a0-601-gb0ed703 (webtiles) character file.

54 Mamutox the Ruffian (level 3, -2/36 HPs)
             Began as a Troll Chaos Knight on July 6, 2018.
             Hit by a tomahawk thrown by an orc warrior (9 damage)
             ... on level 2 of the Dungeon.
             The game lasted 00:05:10 (772 turns).

Mamutox the Ruffian (Troll Chaos Knight)             Turns: 772, Time: 00:05:11

Health: -2/36      AC:  7    Str: 20    XL:     3   Next: 66%
Magic:  2/2        EV: 10    Int:  8    God:    Xom [....*.]
Gold:   63         SH:  0    Dex: 10    Spells: 2/2 levels left

rFire    . . .     SeeInvis .     - Unarmed
rCold    . . .     Gourm    +   (no shield)
rNeg     . . .     Faith    .   a - +2 robe
rPois    .         Spirit   .   (helmet restricted)
rElec    .         Reflect  .   (no cloak)
rCorr    .         Harm     .   (gloves unavailable)
MR       .....                  (boots unavailable)
Stlth    +.........             (no amulet)
HPRegen  0.52/turn              (no ring)
MPRegen  0.08/turn              (no ring)

@: no status effects
A: large, unfitting armour, claws 3, fast metabolism 3, gourmand, regeneration
1, shaggy fur 1, tough skin 2
a: Renounce Religion


You were on level 2 of the Dungeon.
You worshipped Xom.
You were a beloved toy of Xom.
You were very full.

You visited 1 branch of the dungeon, and saw 2 of its levels.

You collected 63 gold pieces.

Inventory:

Missiles
 c - 28 poisoned needles
Armour
 a - a +2 robe (worn)
Scrolls
 e - a scroll of identify {unknown}
 f - 2 scrolls of remove curse {unknown}
 g - a scroll of fear {unknown}
Potions
 d - a potion of ambrosia {unknown}
 h - a potion of heal wounds {unknown}
Comestibles
 b - 2 rations


   Skills:
 + Level 2.9 Fighting
 + Level 1.0 Throwing
 + Level 2.3 Dodging
 + Level 3.6 Unarmed Combat


You had 2 spell levels left.
You didn't know any spells.
Your spell library was empty.

Dungeon Overview and Level Annotations

Branches:
Dungeon (2/15)

Altars:


Innate Abilities, Weirdness & Mutations

You are too large for most types of armour.
You have claws for hands.
Your metabolism is lightning-fast.
You like to eat raw meat.
Your natural rate of healing is unusually fast.
You are covered in fur. (AC +1)
You have very tough skin. (AC +2)


Message History

You kill the jackal!
The jackal stops moving altogether!
The bat hits you but does no damage.
You scratch the hobgoblin.
The hobgoblin is almost dead.
The hobgoblin barely misses you.
You scratch the hobgoblin.
You kill the hobgoblin!
The bat hits you but does no damage.
You claw the bat!
You kill the bat!
The orc warrior throws a tomahawk.
The tomahawk barely misses you.
The orc warrior hits you with a war axe!!
Ouch! That really hurt!
* * * LOW HITPOINT WARNING * * *
Things that are here:
a bat corpse; a jackal corpse You see here a tomahawk.
The orc warrior throws a tomahawk.
The tomahawk hits you!
You die...
Xom roars with laughter!

* ,
*#..#...#.....#
**, #..#...#
##### * ***,
#..#†..# , ,
#..#...# ,...[
#..#...##
.....#.h.....#
......#o#....#
......#(####.#
......#@# .#
......#.#
#.#####
........#
#.#<..#
.....#..#
#.###.# , ....
#..# #.# #.# *
#######.####.#
#.# #..........#
#.#
#.......)..###.#
#.........)....#


You could see an orc warrior and a jackal (petrified).

Vanquished Creatures
  A gnoll (D:1)
  2 dart slugs (D:1)
  2 leopard geckos (D:1)
  5 bats
  A giant cockroach (D:1)
  4 hobgoblins
  4 jackals (D:2)
  2 frilled lizards
  5 goblins (D:1)
  7 kobolds
  2 rats
35 creatures vanquished.

Notes
Turn   | Place    | Note
-------+----------+-------------------------------------------
     0 | D:1      | Mamutox the Troll Chaos Knight began the quest for the Orb.
     0 | D:1      | Reached XP level 1. HP: 22/22 MP: 0/0
   102 | D:1      | Reached XP level 2. HP: 28/29 MP: 1/1
   193 | D:1      | XOM: silly message
   233 | D:1      | Reached XP level 3. HP: 35/36 MP: 2/2
   347 | D:1      | XOM: cloud trail
   475 | D:1      | XOM: harmless Pois miscast
   524 | D:1      | XOM: divination: detect creatures
   683 | D:2      | XOM: divination: detect items
   744 | D:2      | Noticed an orc warrior
   754 | D:2      | Reached skill level 1 in Throwing
   755 | D:2      | XOM: silly message
   761 | D:2      | XOM: divination: magic mapping
   762 | D:2      | XOM: enchant monster (good)
   772 | D:2      | Hit by a tomahawk thrown by an orc warrior

Vault maps used:
D:1:      eino_arrival_druids_welcome, minmay_pentomino_v2
D:2:      lemuel_crystal_altar, minmay_three_crescents

Skill      XL: |  1  2  3 |
---------------+----------+-----
Dodging        | 2 |  2.3
Throwing       | 1 |  1.0
Fighting       | |  2.9
Unarmed Combat | |  3.6

Action                   || total
-------------------------++-------
Melee: Unarmed           ||    82
  Eat: Chunk             ||    11
Armor: Robe              ||    31
Dodge: Dodged            ||    60

Table legend:
 A = Spawn XP
 B = Non-spawn XP
 C = Spawn XP percentage of total XP
 D = Spawn monster count
 E = Non-spawn monster count
 F = Spawn count percentage of total count
 G = Total turns spent on level
                    A         B        C        D         E        F      G
               +---------+---------+-------+---------+---------+-------+---------
         Total |       0 |      78 |   0.0 |       0 |      35 |   0.0 |   772
               +---------+---------+-------+---------+---------+-------+---------
           D:1 |       0 |      59 |   0.0 |       0 |      23 |   0.0 |   671
           D:2 |       0 |      19 |   0.0 |       0 |      12 |   0.0 |   101
               +---------+---------+-------+---------+---------+-------+---------
